 Dungeon Crawl Stone Soup version 0.28.0-53-g5a82cb258f (webtiles) character file.

Game seed: 16180035063712784877

26 mcbry74 the Poker (level 3, -2/30 HPs)
             Began as a Merfolk Fighter on July 22, 2022.
             Was an Initiate of Yredelemnul.
             Killed by divine providence
             ... invoked by an orc priest
              (16 damage)
             ... on level 2 of the Dungeon.
             The game lasted 00:06:32 (989 turns).

mcbry74 the Poker (Merfolk Fighter)                  Turns: 989, Time: 00:06:35

Health: -2/30      AC:  6    Str: 16    XL:     3   Next: 8%
Magic:  3/3        EV:  9    Int:  9    God:    Yredelemnul [......]
Gold:   59         SH:  4    Dex: 13    Spells: 2/2 levels left

rFire   . . .      SeeInvis .   a - +0 trident
rCold   . . .      Faith    .   c - +0 buckler
rNeg    . . .      Spirit   .   b - +0 scale mail
rPois   .          Reflect  .   (no helmet)
rElec   .          Harm     .   (no cloak)
rCorr   .          Rampage  .   (no gloves)
Will    .....                   (no boots)
Stlth   ..........              (no amulet)
HPRegen 0.10/turn               (no ring)
MPRegen 0.08/turn               (no ring)

@: no status effects
A: (nimble swimmer 2), mertail
a: Renounce Religion, Recall Undead Harvest


You were on level 2 of the Dungeon.
You worshipped Yredelemnul.
Yredelemnul was noncommittal.
You visited 1 branch of the dungeon, and saw 2 of its levels.

You collected 59 gold pieces.

Inventory:

Hand Weapons
 a - a +0 trident (weapon)
Armour
 b - a +0 scale mail (worn)
 c - a +0 buckler (worn)
Jewellery
 f - a ring of fire
Scrolls
 e - a scroll of identify {unknown}
 h - a scroll of teleportation {unknown}
Potions
 d - 2 potions of might
 g - a potion of curing {unknown}


   Skills:
 + Level 3.8 Fighting
 + Level 3.8 Polearms
 - Level 2.1 Armour
 + Level 1.9 Dodging
 - Level 3.0 Shields


You had 2 spell levels left.
You didn't know any spells.
Your spell library contained the following spells:

 Spells                   Type           Power      Damage    Failure   Level
 Tukima's Dance           Hex            0%         N/A       99%         3
 Anguish                  Hex/Necr       0%         N/A       100%        4
 Enfeeble                 Hex            0%         N/A       100%        7


Dungeon Overview and Level Annotations

Branches:
Dungeon (2/15)

Altars:
Yredelemnul


Innate Abilities, Weirdness & Mutations

((You are very nimble when in or above water. (Stealth+, EV+, Speed+++)))
Your lower body shifts to a powerful aquatic tail in water.


Message History

The orc hits you from afar with a +0 trident.
The adder bites you but does no damage.
Your ball python zombie bites the orc but does no damage.
Your ball python zombie constricts the orc.
The orc priest miscasts a cantrip.
The orc barely misses you.
Reach: a) +0 trident
Press: ? - help, Dir - move target, f/p - orc
Aim: an orc, wielding a +0 trident and wearing a +0 ring mail (heavily wounded, constricted by your ball python zombie, ally target, about 7% to evade your +0 trident)
The adder is in the way.
You hit the adder.
The adder is lightly wounded.
The adder bites you but does no damage.
Your ball python zombie bites the orc but does no damage.
Your ball python zombie constricts the orc.
The orc priest hits your ball python zombie with a +0 club.
The orc barely misses you. The adder bites you.
You are poisoned.
The adder poisons you!
You closely miss the adder.
You feel sick. The orc hits you with a +0 hand axe.
Your ball python zombie bites the orc but does no damage.
Your ball python zombie constricts the orc.
The adder bites you but does no damage.
The orc priest hits your ball python zombie with a +0 club.
The orc closely misses your ball python zombie.
You closely miss the adder.
You feel sick. The adder closely misses you. The orc barely misses you.
Your ball python zombie barely misses the orc priest.
Your ball python zombie constricts the orc.
The orc priest hits your ball python zombie with a +0 club.
Your ball python zombie is destroyed!
The orc hits you but does no damage. The adder barely misses you.
You feel sick.
You feel sick.
You feel sick.
You are no longer poisoned.
The orc priest invokes the aid of Beogh against you.
Beogh smites you!
Ouch! That really hurt!
You die...
Your body rises from the dead as a mindless zombie.

..#..........................[#.#
.#.#........8.......8........#.##
.##.#..............)........#.##
.###.#.....8.........8.^...#.##
.# ##.#...................#Z## .#
##.#....8.......8....#Z## ##
##.#...#..#.#..#...#Z######.
..#.######...######Z#.......
###.#!..#..#@#..#...#.######.
.#.....o.S.........#.## #.
#........o........).#.## #Z
......)..............#.###.
.....)................#.##.
.....#.##...##.#.......#.#Z
....#.# ##.##.#.#.......#.. ...
## #+######........#. ..
..........#.


You could see an orc priest, an adder and an orc.

Vanquished Creatures
  An orc (D:2)
  4 endoplasms
  A goblin (D:2)
  2 hobgoblins (D:1)
  A quokka (D:1)
  2 ball pythons
  2 bats (D:1)
  2 frilled lizards (D:2)
  3 kobolds
  A rat (D:1)
19 creatures vanquished.

Vanquished Creatures (collateral kills)
  A ball python (D:1)
  A giant cockroach (D:1)
  A goblin (D:1)
  A kobold (D:2)
4 creatures vanquished.

Vanquished Creatures (others)
  4 bat zombies (D:1)
  A ball python zombie (D:2)
  A frilled lizard zombie (D:2)
  A goblin zombie (D:2)
  A kobold zombie (D:2)
  A spectral endoplasm (D:2)
9 creatures vanquished.

Grand Total: 32 creatures vanquished

Notes
Turn   | Place    | Note
-------+----------+-------------------------------------------
     0 | D:1      | mcbry74 the Merfolk Fighter began the quest for the Orb.
     0 | D:1      | Reached XP level 1. HP: 18/18 MP: 1/1
    37 | D:1      | Found a faded altar of an unknown god.
   120 | D:1      | Prayed at the altar of an unknown god.
   120 | D:1      | Became a worshipper of Yredelemnul the Dark
   120 | D:1      | Reached * piety under Yredelemnul
   229 | D:1      | Reached skill level 1 in Dodging
   273 | D:1      | Reached XP level 2. HP: 24/24 MP: 2/2
   974 | D:2      | Reached XP level 3. HP: 30/30 MP: 3/3
   989 | D:2      | Killed from afar by an orc priest

Illustrated notes

Levels and vault maps discovered:
D:1:      dpeg_arrival_connections, layout_loops_ring,
          shapermc_ecumenical_altar_notcrosses
D:2:      wad_pebble_path, layout_basic, basic_altar, uniq_crazy_yiuf_cottage

Skill      XL: |  1 |
---------------+----+-----
Dodging        | 1 |  1.9
Fighting       | |  3.8
Polearms       | |  3.8
Armour         | |  2.1
Shields        | |  3.0

Action                   || total
-------------------------++-------
Melee: Trident           ||    58
 Stab: Distracted        ||     1
Armor: Scale mail        ||    19
Dodge: Dodged            ||    21
Block: Buckler           ||     6
